AoeStats
← Baldinord

Arabia

509526040Analyzed
1v1 RM · 6d ago on Sep 27, 2026· 33m 37s· 2 players
Game mode
Random Map
Map size
Tiny (2 player)
Population
200
Speed
Normal
Resources
Standard
Victory
Conquest
Starting age
Dark Age
Ending age
Imperial Age
RankedLock teamsTeams togetherTeam positionsShared explorationLock speedFull tech treeHidden civsTurbo modeCheats
Victory
Defeat
🇨🇱 Varangians · Chile
883
+17
🇦🇷 Bulgarians · Argentina
899
-17
Sirius
7:18 Loom
10:25 Feudal Age
12:19 Double-Bit Axe
25:35 Castle Age
24:13 Fletching
24:42 Bloodlines
24:57 Padded Archer Armor
28:59 Bodkin Arrow
29:40 Bow Saw
30:21 Forging
30:18 Scale Barding Armor
31:27 Town Watch
32:22 Forging
32:15 Husbandry
Baldinord
1:15 Loom
10:19 Feudal Age
13:50 Scale Mail Armor
16:36 Forging
20:41 Wheelbarrow
24:21 Castle Age
22:53 Fletching
24:23 Gold Mining
24:35 Elite Skirmisher
27:08 Horse Collar
27:14 Double-Bit Axe
27:38 Gambesons
29:15 Squires
33:13 Herbal Medicine
33:13 Arson
33:46 Chain Mail Armor
34:06 Iron Casting
Connection lost

Rejoining the realm…

Still unreachable

The connection could not be restored.

Session expired

The server has moved on; the page needs a fresh start.